 Dungeon Crawl Stone Soup version 0.29-a0-367-gc2b5878c41 (webtiles) character file.

Game seed: 10583973565847829372

61 Lekart the Skirmisher (level 3, -8/33 HPs)
             Began as a Draconian Chaos Knight on May 1, 2022.
             Was a Plaything of Xom.
             Mangled by a gnoll
             ... wielding a +0 whip
              (13 damage)
             ... on level 2 of the Dungeon.
             The game lasted 00:01:48 (1229 turns).

Lekart the Skirmisher (Draconian Chaos Knight)      Turns: 1229, Time: 00:01:49

Health: -8/33      AC:  5    Str: 14    XL:     3   Next: 83%
Magic:  3/3        EV: 12    Int: 12    God:    Xom [..*...]
Gold:   20         SH:  0    Dex: 12    Spells: 2/2 levels left

rFire   . . .      SeeInvis .   a - +1 falchion (chaos)
rCold   . . .      Faith    .   (no shield)
rNeg    . . .      Spirit   .   (body armour unavailable)
rPois   .          Reflect  .   (helmet restricted)
rElec   .          Harm     .   (no cloak)
rCorr   .          Rampage  .   (no gloves)
Will    .....                   (no boots)
Stlth   +.........              (no amulet)
HPRegen 0.11/turn               (no ring)
MPRegen 0.08/turn               (no ring)

@: no status effects
A: AC +5, unfitting armour, cold-blooded
a: Renounce Religion


You were on level 2 of the Dungeon.
You worshipped Xom.
You were a toy of Xom.
You visited 1 branch of the dungeon, and saw 2 of its levels.

You collected 20 gold pieces.

Inventory:

Hand Weapons
 a - a +1 falchion of chaos (weapon)
Potions
 c - a potion of resistance
Miscellaneous
 b - a piece from Xom's chessboard (12/15) (quivered)


   Skills:
 + Level 3.8 Fighting
 + Level 3.8 Long Blades
 * Level 3.0 Dodging


You had 2 spell levels left.
You didn't know any spells.
Your spell library was empty.

Dungeon Overview and Level Annotations

Branches:
Dungeon (2/15)

Altars:

Shops:
D:1 [


Innate Abilities, Weirdness & Mutations

Your plain brown scales are hard. (AC +5)
You cannot fit into any form of body armour.
You are cold-blooded and may be slowed by cold attacks.


Message History

You make a move on Xom's chessboard...
The gnoll seems to speed up.
The gnoll hits you from afar with a +0 spear.
The gnoll completely misses you.
You make a move on Xom's chessboard...
The gnoll flickers and vanishes!
Deactivating autopickup; reactivate with Ctrl-A.
Something hits you.
You make a move on Xom's chessboard...
The gnoll suddenly stops moving!
Something hits you but does no damage. Something hits you but does no damage.
You hit the gnoll.
The gnoll seems to grow stronger.
The gnoll is moderately wounded.
Something hits you but does no damage. The gnoll hits you with a +0 whip.
Something hits you.
You hit the gnoll but do no damage.
The gnoll is moderately wounded.
Something hits you. The gnoll hits you with a +0 whip. Something hits you.
The gnoll closely misses you.
You are too injured to fight recklessly!
The gnoll attacks as you move away! The gnoll misses you.
You hit the gnoll but do no damage.
The gnoll seems to speed up.
The gnoll is moderately wounded.
Xom titters.
The gnoll looks rather confused. x2
The gnoll seems less confused.
The gnoll throws a throwing net.
The throwing net closely misses you. The gnoll hits you with a +0 whip.
* * * LOW HITPOINT WARNING * * *
"See what I see, my child!"
You detect items!
The gnoll hits you but does no damage.
You feel better. The gnoll barely misses you.
You hit the gnoll. You burn the gnoll.
Your tail-slap misses the gnoll.
The gnoll is almost dead.
The gnoll hits you with a +0 whip.
* * * LOW HITPOINT WARNING * * *
The gnoll hits you with a +0 whip.
* * * LOW HITPOINT WARNING * * *
You completely miss the gnoll.
The gnoll is almost dead.
The gnoll hits you with a +0 whip!
You die...

.# #.# ######### #.#
#.......# # ####
###.####.......# ... ...
#.......$......#
.....#(##.#.#..........#
#...@g.....##...(...#
....#####....###.......#
# #.....##.......#
#..!...g.##.####
###.###### #.# #.# #+#


You could see a gnoll (fast, strong).

Vanquished Creatures
  Terence (D:2)
  A dart slug (D:1)
  3 ball pythons (D:1)
  3 bats (D:1)
  3 endoplasms
  2 goblins (D:1)
  2 hobgoblins (D:1)
  5 jackals (D:1)
  5 frilled lizards (D:1)
  3 kobolds (D:1)
  2 rats
30 creatures vanquished.

Vanquished Creatures (collateral kills)
  A jackal (D:1)
1 creature vanquished.

Grand Total: 31 creatures vanquished

Notes
Turn   | Place    | Note
-------+----------+-------------------------------------------
     0 | D:1      | Lekart the Draconian Chaos Knight began the quest for the
                  | Orb.
     0 | D:1      | Reached XP level 1. HP: 19/19 MP: 1/1
   174 | D:1      | Reached XP level 2. HP: 20/26 MP: 2/2
   416 | D:1      | XOM: divination: detect creatures
   689 | D:1      | Found Atoejitu's Antique Armour Shoppe.
   785 | D:1      | Reached XP level 3. HP: 31/33 MP: 3/3
  1048 | D:2      | Noticed Terence
  1053 | D:2      | Killed Terence
  1206 | D:2      | XOM: 5-stop teleportation journey
  1221 | D:2      | XOM: confuse monster(s)
  1226 | D:2      | XOM: divination: detect items
  1229 | D:2      | Mangled by a gnoll

Illustrated notes

Levels and vault maps discovered:
D:1:      lightli_arrival_quake, layout_loops_ring, serial_shops,
          nicolae_shop_competitors_out_of_business,
          chequers_serial_rivers_small_b
D:2:      layout_loops_corners, hellmonk_ecumenical_altar_heavens_door,
          nrook_mini_backslash, minmay_worlds_worst_comb, uniq_terence

Skill      XL: |  1  2  3 |
---------------+----------+-----
Dodging        | 3 |  3.0
Fighting       | |  3.8
Long Blades    | |  3.8

Action                   || total
-------------------------++-------
Melee: Falchion          ||   106
       Tailslap          ||     7
Evoke: Piece from Xom's  ||     3
  Use: Scroll            ||     5
       Potion            ||     3
Armor: Skin              ||    31
Dodge: Dodged            ||    87

Table legend: (Time is in decaauts)
 A = Elapsed time spent in this place.
 B = Non-inter-level travel time spent in this place.
 C = Inter-level travel time spent in this place.
 D = Time resting spent in this place.
 E = Time spent auto-exploring this place.
 F = Levels seen in this place.
 G = Mean time per level.
                   A        B        C        D        E       F      G
               +--------+--------+--------+--------+--------+-----+--------+
         Total |   1246 |   1243 |      3 |      3 |    993 |   2 |  623.0 |
       Dungeon |   1246 |   1243 |      3 |      3 |    993 |   2 |  623.0 |
               +--------+--------+--------+--------+--------+-----+--------+

Top non-repeatable levels by time:
     D:1: 1064 daAuts
     D:2: 182 daAuts
